 Dungeon Crawl Stone Soup version 0.30-a0-765-g3161bf10a1 (webtiles) character file.

Game seed: 1795247502821030454

5080 Conn the Thaumaturge (level 10, -18/58 HPs)
             Began as an Octopode Fire Elementalist on Feb 12, 2023.
             Was a Follower of Sif Muna.
             Engulfed by a cloud of flame (19 damage)
             ... on level 8 of the Dungeon.
             The game lasted 00:32:18 (9436 turns).

Conn the Thaumaturge (Octopode Fire Elementalist)   Turns: 9436, Time: 00:32:18

Health: -18/58     AC:  3    Str:  5    XL:     10   Next: 56%
Magic:  0/23       EV: 19    Int: 22    God:    Sif Muna [*.....]
Gold:   641        SH:  6    Dex: 19    Spells: 14/27 levels left

rFire   . . .      SeeInvis .    e - staff of conjuration
rCold   + . .      Faith    .    x - +2 buckler {rC+}
rNeg    + . .      Spirit   +    i - +2 hat
rPois   .          Reflect  .    A - amulet of guardian spirit
rElec   .          Harm     .    d - ring of flight
rCorr   .          Rampage  .    t - ring of willpower
Will    +....                    w - +5 ring of evasion
Stlth   ++++                     p - ring "Ham Ofit" {Will++ Dex+6}
HPRegen 0.29/turn                E - ring of positive energy
MPRegen 0.18/turn                (no ring)
                                 (no ring)
                                 (no ring)

@: lethally poisoned (-18 -> -27), weak-willed, flying
A: almost no armour, amphibious, 8 rings, camouflage 1, gelatinous body 1,
(nimble swimmer 1), tentacles, weak 1, subdued magic 1
a: Renounce Religion, Channel Magic


You were on level 8 of the Dungeon.
You worshipped Sif Muna.
Sif Muna was aware of your devotion.
You visited 2 branches of the dungeon, and saw 9 of its levels.
You also visited: Sewer and Ossuary.

You collected 641 gold pieces.

Inventory:

Hand Weapons
 v - the +2 trident "Xoukk" {drain, rC+}
   (You found it on level 6 of the Dungeon)

   rC:        It protects you from cold.
 B - a +3 short sword of protection
Armour
 i - a +2 hat (worn)
 x - a +2 buckler of cold resistance (worn)
Magical Staves
 e - a staff of conjuration (weapon)
Jewellery
 d - a ring of flight (left tentacle)
 p - the ring "Ham Ofit" (on tentacle) {Will++ Dex+6}
   (You acquired it on level 6 of the Dungeon)

   [ring of dexterity]

   Dex:       It affects your dexterity (+6).
   Will:      It greatly increases your willpower.
 t - a ring of willpower (right tentacle)
 w - a +5 ring of evasion (on tentacle)
 A - an amulet of guardian spirit (around mantle)
 D - a ring of ice
 E - a ring of positive energy (on tentacle)
Wands
 b - a wand of mindburst (21)
Scrolls
 f - 2 scrolls of fear
 g - 3 scrolls of blinking
 l - a scroll of immolation
 m - 4 scrolls of teleportation
 n - a scroll of poison
 o - 2 scrolls of noise
 q - a scroll of identify
 u - a scroll of enchant weapon
 y - a scroll of fog
 C - a scroll of amnesia
 F - a scroll of enchant armour
Potions
 a - 6 potions of heal wounds
 c - 5 potions of cancellation
 h - 6 potions of resistance
 j - 3 potions of mutation
 k - 2 potions of attraction
 r - a potion of curing
 z - a potion of brilliance


   Skills:
 + Level 1.1 Fighting
 + Level 1.2 Staves
 + Level 3.4 Dodging
 + Level 4.9 Stealth
 + Level 0.6 Shields
 * Level 9.3 Spellcasting
 * Level 6.2 Conjurations
 - Level 3.5 Hexes
 * Level 3.3 Summonings
 + Level 7.5 Fire Magic
 * Level 0.1 Invocations


You had 14 spell levels left.
You knew the following spells:

 Your Spells              Type           Power      Damage    Failure   Level
a - Foxfire               Conj/Fire      100%       2x1d9     1%          1
b - Summon Guardian Gole  Hex/Summ       19%        N/A       4%          3
c - Inner Flame           Hex/Fire       26%        N/A       1%          3
d - Flame Wave            Conj/Fire      47%        2d12      3%          4
e - Scorch                Fire           66%        2d8       1%          2

Your spell library contained the following spells:

 Spells                   Type           Power      Damage    Failure   Level
 Dazzling Flash           Conj/Hex       72%        N/A       2%          3
 Ensorcelled Hibernation  Hex/Ice        26%        N/A       4%          2
 Tukima's Dance           Hex            19%        N/A       4%          3
 Call Canine Familiar     Summ           19%        N/A       5%          3
 Sting                    Tmut/Pois      28%        1d4       7%          1
 Kindle Blastsparks       Fire/Tloc/Air  32%        2d12      8%          3
 Poisonous Vapours        Pois/Air       14%        N/A       11%         2
 Portal Projectile        Hex/Tloc       26%        N/A       11%         3
 Gell's Gravitas          Tloc           7%         N/A       22%         3
 Spider Form              Tmut/Pois      7%         N/A       22%         3
 Teleport Other           Tloc           7%         N/A       22%         3
 Anguish                  Hex/Necr       6%         N/A       34%         4
 Leda's Liquefaction      Hex/Erth       6%         N/A       34%         4
 Olgreb's Toxic Radiance  Pois           7%         N/A       61%         4
 Silence                  Hex/Air        6%         N/A       71%         5
 Agony                    Necr           7%         N/A       92%         5
 Blade Hands              Tmut           3%         N/A       92%         5
 Orb of Destruction       Conj           21%        9d8       99%         7
 Dispersal                Tloc           3%         N/A       100%        6
 Spellforged Servitor     Conj/Summ      18%        N/A       100%        7


Dungeon Overview and Level Annotations

Branches:
Dungeon (8/15)             Temple (1/1) D:6           Sewer (visited)
Ossuary (visited)
   Lair: D:8-11

Altars:
Ashenzari
Cheibriados
Dithmenos
Elyvilon
Fedhas
Gozag
Kikubaaqudgha
Makhleb
Nemelex Xobeh
Qazlal
Ru
Sif Muna
Trog
Vehumet
Wu Jian
Yredelemnul
Zin

Annotations:
D:8 exclusion: statue


Innate Abilities, Weirdness & Mutations

You cannot wear most types of armour.
You are amphibious.
You can wear up to eight rings at the same time.
Your skin changes colour to match your surroundings (Stealth+).
Your rubbery body absorbs attacks. (AC +1, EV +1)
((You are camouflaged when in or above water. (Stealth+)))
You have tentacles for arms and can constrict up to eight enemies at once.
You are weak. (Str -2)
Your spells are a little easier to cast, but a little less powerful.


Message History

Flame seeps out of Amaemon.
Amaemon is engulfed in blazing flames.
Flame seeps out of Amaemon.
Really fly into that cloud of poison gas?
Okay, then.
Unknown command.
Flame seeps out of Amaemon.
Amaemon is engulfed in poison gas.
Amaemon looks as sick as possible!
Flame seeps out of Amaemon.
Casting: Summon Guardian Golem (dangerous; 4% risk of failure)
Confirm with . or Enter, or press ? or * to list all spells.
Casting: Flame Wave (dangerous; 3% risk of failure)
Press: ? - help, Dir - look around, f - activate You feel a surge of power!
Really fire at your guardian golem?
A wave of flame ripples out!
The flame wave engulfs your guardian golem but does no damage.
The flame wave engulfs Amaemon!
Amaemon is burned terribly!
Flame seeps out of Amaemon.
Amaemon is severely wounded. (Press . to intensify the flame waves.) Flame seeps out of Amaemon.
Amaemon hits you with a -1 demon whip of venom!
You are poisoned.
Amaemon misses you. x2
Really fire at your guardian golem?
A wave of flame ripples out!
The flame wave engulfs your guardian golem.
Your guardian golem resists.
Your guardian golem is lightly damaged.
The flame wave engulfs Amaemon!!
Amaemon is burned terribly!
Sif Muna accepts your kill.
Amaemon explodes!
The fiery explosion engulfs you!!!
Ouch! That really hurt!
* * * LOW HITPOINT WARNING * * *
The fiery explosion engulfs your guardian golem!
Your guardian golem resists.
Your guardian golem is moderately damaged.
Your guardian golem disappears in a puff of smoke!
You are engulfed in blazing flames.
You die...

...#># #.# #.##.#
#.# #....#
#.########
#.#########
#...)....#
......... ..
########.#
#..###### #. #.#
#..# #.########.#
#..#
#...☼...#○######
#.>###...
#.##@§☼..○.○....#
.........
#§###.#[#......
#.[###... #○#
#.)..##⌠### #.##
. ###.###.#.## .#
#.. ..○......##
.# #.##
###..##†## . #.#
...°°)).) #.#
..○☼°..))§ #.#
###......#.


There were no monsters in sight!

Vanquished Creatures
  Amaemon (D:8)
  Pikel (D:5)
  Maurice (D:8)
  An orange demon (D:8)
  2 steam dragons
  Menkaure (D:6)
  An acid dragon (D:8)
  Duvessa (D:7)
  An ice beast (D:7)
  An ogre (D:4)
  3 sky beasts
  A black bear (D:4)
  6 centaurs
  2 kobold brigands
  A nameless horror (D:7)
  A gnoll sergeant (D:6)
  4 bullfrogs
  2 necrophages
  2 scorpions (D:5)
  7 wights
  Dowan (D:7)
  7 killer bees (D:8)
  2 electric eels (D:7)
  A howler monkey (D:7)
  7 hounds
  Crazy Yiuf (D:5)
  4 iguanas
  9 mummies
  3 gnolls (D:6)
  11 adders
  5 river rats
  2 shadow imps (D:7)
  2 white imps
  A worm (D:4)
  2 dart slugs
  4 orcs
  9 endoplasms
  5 giant cockroaches
  2 gnoll zombies (Ossuary)
  5 goblins
  5 hobgoblins
  4 jackals (D:3)
  3 quokkas (D:4)
  27 ball pythons
  3 bats
  3 frilled lizards
  2 hobgoblin zombies (Ossuary)
  11 kobolds
  4 kobold zombies
  2 orc zombies
  27 rats
214 creatures vanquished.

Vanquished Creatures (others)
  A wight (D:8)
  614 foxfires
  6 plants (D:7)
621 creatures vanquished.

Grand Total: 835 creatures vanquished

Notes
Turn   | Place    | Note
-------+----------+-------------------------------------------
     0 | D:1      | Conn the Octopode Fire Elementalist began the quest for the
                  | Orb.
     0 | D:1      | Reached XP level 1. HP: 11/11 MP: 3/3
   179 | D:1      | Reached XP level 2. HP: 13/17 MP: 0/5
   817 | D:1      | Reached XP level 3. HP: 21/21 MP: 0/6
  1457 | D:2      | Identified the +0 ring mail of Resilience {rF+ Dex+2}
  1678 | D:2      | You fall into a shaft and drop 1 floor!
  1996 | D:3      | Noticed a centaur
  1999 | D:3      | Reached XP level 4. HP: 27/27 MP: 4/8
  2010 | D:3      | Killed a centaur
  2011 | D:3      | Reached skill level 3 in Spellcasting
  2011 | D:3      | Reached XP level 5. HP: 7/31 MP: 6/9
  2864 | D:3      | Found a faded altar of an unknown god.
  2910 | D:3      | Found a broken altar of Ashenzari.
  3068 | D:4      | Learned a level 2 spell: Scorch
  3072 | D:4      | Learned a level 3 spell: Inner Flame
  3077 | D:4      | Learned a level 4 spell: Flame Wave
  3345 | D:4      | Found a glowing drain.
  3351 | Sewer    | Entered a sewer
  3569 | Sewer    | Reached XP level 6. HP: 36/36 MP: 6/11
  4012 | D:4      | Reached skill level 4 in Spellcasting
  4012 | D:4      | Reached XP level 7. HP: 42/42 MP: 7/13
  4080 | D:4      | Reached skill level 5 in Fire Magic
  4422 | D:4      | Found a sparkling altar of Nemelex Xobeh.
  4425 | D:4      | Identified the +4 whip of Winter {flame, Fly Dex-3 SInv
                  | Stlth+}
  4682 | D:4      | Found a bloodstained altar of Trog.
  5024 | D:5      | Entered Level 5 of the Dungeon
  5141 | D:5      | Found a runed translucent door.
  5142 | D:5      | Noticed Crazy Yiuf
  5148 | D:5      | Killed Crazy Yiuf
  5230 | D:5      | Found an ancient bone altar of Kikubaaqudgha.
  5310 | D:5      | Reached skill level 5 in Spellcasting
  5314 | D:5      | Reached XP level 8. HP: 42/47 MP: 1/16
  5482 | D:5      | Noticed Pikel
  5495 | D:5      | Killed Pikel
  5496 | D:5      | Reached skill level 6 in Spellcasting
  5647 | D:5      | Found a shadowy altar of Dithmenos.
  5778 | D:5      | Found a snail-covered altar of Cheibriados.
  6191 | D:6      | Identified the +2 trident "Xoukk" {drain, rC+}
  6324 | D:6      | Reached skill level 7 in Spellcasting
  6446 | D:6      | Reached XP level 9. HP: 30/52 MP: 0/19
  6610 | D:6      | Noticed Menkaure
  6613 | D:6      | Killed Menkaure
  6614 | D:6      | Reached skill level 5 in Conjurations
  6651 | D:6      | Found a sand-covered staircase.
  6655 | Ossuary  | Entered an ossuary
  6682 | Ossuary  | Gained mutation: Your spells are a little easier to cast,
                  | but a little less powerful. [potion of mutation]
  6682 | Ossuary  | Gained mutation: You are weak. (Str -2) [potion of
                  | mutation]
  7049 | Ossuary  | Learned a level 3 spell: Summon Guardian Golem
  7070 | D:6      | Identified a scroll of acquirement
  7071 | D:6      | Acquired the ring "Ham Ofit" {Will++ Dex+6}
  7079 | D:6      | Reached skill level 1 in Staves
  7117 | D:6      | Found a staircase to the Ecumenical Temple.
  7190 | Temple   | Entered the Ecumenical Temple
  7197 | Temple   | Became a worshipper of Sif Muna the Loreminder
  7235 | D:6      | Found an ornate altar of the Wu Jian Council.
  7436 | D:7      | Reached skill level 1 in Hexes
  7446 | D:7      | Reached skill level 8 in Spellcasting
  7454 | D:7      | Reached skill level 1 in Summonings
  7458 | D:7      | Reached skill level 1 in Fighting
  7650 | D:7      | Noticed Duvessa
  8078 | D:7      | Killed Duvessa
  8240 | D:7      | Noticed Dowan
  8244 | D:7      | Reached XP level 10. HP: 58/58 MP: 18/22
  8246 | D:7      | Killed Dowan
  8505 | D:8      | Found a white marble altar of Elyvilon.
  8525 | D:8      | Noticed an orange demon
  8528 | D:8      | Noticed Amaemon
  8532 | D:8      | Killed an orange demon
  8595 | D:8      | Reached skill level 9 in Spellcasting
  8864 | D:8      | Found a glowing silver altar of Zin.
  8864 | D:8      | Noticed an angel
  8901 | D:8      | Noticed Maurice
  8905 | D:8      | Reached * piety under Sif Muna
  8909 | D:8      | Killed Maurice
  9018 | D:8      | Found a radiant altar of Vehumet.
  9436 | D:8      | Killed Amaemon
  9436 | D:8      | HP: 1/58 [spore (46)]
  9436 | D:8      | Engulfed by a cloud of flame

Illustrated notes

Levels and vault maps discovered:
D:1:      minmay_arrival_five_plusses, layout_basic, minmay_pentomino_u2
D:2:      layout_basic
D:3:      layout_rooms, grunt_ashenzari_visionary
          [grunt_ashenzari_visionary_swamp, grunt_ashenzari_visionary_spider],
          hellmonk_ecumenical_altar_leap_of_faith
D:4:      black_bear_nest_1, layout_basic, nemelex_xobeh_ov_fountains_minmay,
          nicolae_overflow_crystal_walls, gup_sewer_entry_spiral, abandoned_shop
D:5:      layout_basic, kennysheep_mini_moat, lemuel_round_altar,
          lemuel_crystal_altar, hangedman_decor_clover_reticule, uniq_pikel,
          uniq_crazy_yiuf_cottage
D:6:      layout_cave_pools, nicolae_wu_jian_immortal_techniques,
          minmay_temple_entry_offerings, nicolae_ossuary_entry_giza,
          uniq_menkaure
D:7:      layout_basic, serial_bayou_pond_b, uniq_duvessa
D:8:      layout_loops_ring, lemuel_crystal_altar, xom_redecorated,
          vehumet_statue, general_overflow_altar, zin_angel, uniq_amaemon,
          uniq_maurice
Temple:   nicolae_temple_ecumenical_triangle

Skill      XL: |  1  2  3  4  5  6  7  8  9 10 |
---------------+-------------------------------+-----
Stealth        | 3 4 |  4.9
Spellcasting   | 3 4 5 7 8 9 |  9.3
Fire Magic     | 4 5 6 7 |  7.5
Conjurations   | 2 3 4 5 6 |  6.2
Staves         | 1 |  1.2
Hexes          | 2 3 |  3.5
Dodging        | 3 |  3.4
Summonings     | 2 3 |  3.3
Fighting       | 1 |  1.1
Shields        | |  0.6
Invocations    | |  0.1

Action                     |  1- 3 |  4- 6 |  7- 9 | 10-12 || total
---------------------------+-------+-------+-------+-------++-------
  Melee: Staff             |     5 |    14 |    40 |    12 ||    71
         Tentacles         |     2 |     2 |    16 |     3 ||    23
         Constrict         |     2 |     4 |    11 |     1 ||    18
   Cast: Foxfire           |    77 |    91 |   169 |    19 ||   356
         Scorch            |       |     2 |    32 |    11 ||    45
         Inner Flame       |       |       |     6 |    12 ||    18
         Flame Wave        |       |       |     2 |     7 ||     9
         Summon Guardian G |       |       |       |     4 ||     4
 Invoke: Channel Magic     |       |       |       |     1 ||     1
    Use: Potion            |     2 |     1 |     3 |     1 ||     7
         Scroll            |     1 |     7 |     3 |    12 ||    23
   Stab: Sleeping          |       |       |     2 |     1 ||     3
 Armour: Skin              |       |     5 |     4 |     4 ||    13
  Dodge: Dodged            |     9 |    23 |    46 |    57 ||   135
  Block: Buckler           |       |       |    11 |    14 ||    25

Table legend: (Time is in decaauts)
 A = Elapsed time spent in this place.
 B = Non-inter-level travel time spent in this place.
 C = Inter-level travel time spent in this place.
 D = Time resting spent in this place.
 E = Time spent auto-exploring this place.
 F = Levels seen in this place.
 G = Mean time per level.
                   A        B        C        D        E       F      G
               +--------+--------+--------+--------+--------+-----+--------+
         Total |   9424 |   9233 |    191 |     38 |   6693 |  11 |  856.7 |
       Dungeon |   8415 |   8224 |    191 |     38 |   6103 |   8 | 1051.9 |
        Temple |     14 |     14 |      0 |      0 |      0 |   1 |   14.0 |
         Sewer |    592 |    592 |      0 |      0 |    366 |   1 |  592.0 |
       Ossuary |    401 |    401 |      0 |      0 |    224 |   1 |  401.0 |
               +--------+--------+--------+--------+--------+-----+--------+

Top non-repeatable levels by time:
     D:4: 1371 daAuts
     D:1: 1248 daAuts
     D:5: 1155 daAuts
     D:2: 1108 daAuts
     D:7: 993 daAuts
     D:8: 931 daAuts
     D:6: 919 daAuts
     D:3: 687 daAuts
   Sewer: 592 daAuts
 Ossuary: 401 daAuts
  Temple: 14 daAuts
